 Dungeon Crawl Stone Soup version 0.29.0-11-gd7f09526c8 (webtiles) character file.

Game seed: 14885046717488482946

388 iguanaiguana the Magician (level 7, -3/78 HPs)
             Began as a Djinni Conjurer on Sept 4, 2022.
             Was an Initiate of Makhleb.
             Slain by Edmund
             ... wielding a +4 flail of protection
              (5 damage)
             ... on level 4 of the Dungeon.
             The game lasted 00:27:20 (2964 turns).

iguanaiguana the Magician (Djinni Conjurer)         Turns: 2964, Time: 00:27:20

Health: -3/78      AC:  4    Str:  6    XL:     7   Next: 7%
Gold:   166        EV: 11    Int: 28    God:    Makhleb [......] SH:  3 Dex: 11

rFire   + + .      SeeInvis .   o - +0 trident
rCold   x . .      Faith    .   q - +0 buckler
rNeg    . . .      Spirit   .   a - +0 robe
rPois   ∞          Reflect  .   j - +1 helmet
rElec   .          Harm     .   (no cloak)
rCorr   .          Rampage  .   (no gloves)
Will    .....                   (boots unavailable)
Stlth   ..........              (no amulet)
HPRegen 0.23/turn               f - +6 ring of intelligence
MPRegen 0.00/turn               (no ring)

@: berserking (expiring), flying, very quick
A: sickness immunity, fire resistance 2, cold vulnerability 1, float, innate
caster, HP casting, extra vitality 1
a: Renounce Religion


You were on level 4 of the Dungeon.
You worshipped Makhleb.
Makhleb was noncommittal.
You visited 2 branches of the dungeon, and saw 7 of its levels.

You collected 166 gold pieces.

Inventory:

Hand Weapons
 b - a +0 dagger of freezing
 i - a +0 long sword
 o - a +0 trident (weapon)
Armour
 a - a +0 robe (worn)
 h - a +0 ring mail
 j - a +1 helmet (worn)
 q - a +0 buckler (worn)
Jewellery
 f - a +6 ring of intelligence (left hand)
Scrolls
 e - a scroll of fear {unknown}
 g - 4 scrolls of teleportation {@r3}
 n - a scroll of noise {unknown}
 p - a scroll of identify {@r1}
 s - a scroll of magic mapping {unknown}
Potions
 d - a potion of might {@q3}
 k - a potion of attraction
 l - a potion of degeneration
 m - a potion of brilliance
 r - a potion of heal wounds {unknown}


   Skills:
 - Level 4.0 Fighting
 - Level 2.0 Short Blades
 - Level 0.1 Polearms
 - Level 2.1 Dodging
 - Level 1.5 Stealth
 * Level 1.2 Shields
 - Level 4.6 Spellcasting


You couldn't memorise any spells.
You knew the following spells:

 Your Spells              Type           Power      Damage    Failure   Level
a - Magic Dart            Conj           100%       1d8       1%          1
b - Searing Ray           Conj           64%        2d6       1%          2
c - Dazzling Flash        Conj/Hex       64%        N/A       4%          3
d - Fulminant Prism       Conj/Hex       16%        3d11      14%         4
e - Iskenderun's Mystic   Conj/Tloc      32%        2d8       14%         4
f - Necrotise             Necr           100%       1d9       1%          1
g - Wereblood             Tmut           32%        N/A       1%          2
h - Spider Form           Tmut/Pois      32%        N/A       4%          3
Your spell library was empty.

Dungeon Overview and Level Annotations

Branches:
Dungeon (6/15) Zot: 26751  Temple (1/1) D:4 Zot: 5949

Altars:
Cheibriados
Dithmenos
Fedhas
Makhleb
Qazlal
Trog
Uskayaw
Wu Jian
Zin
The Shining One

Shops:
D:2 *

Annotations:
D:2 1 runed translucent door, Crazy Yiuf
D:4 Edmund
D:5 exclusion: orc priest


Innate Abilities, Weirdness & Mutations

You are immune to sickness and miasma.
You are immune to poison.
Your flesh is very heat resistant. (rF++)
You are vulnerable to cold. (rC-)
You float through the air rather than walking.
You learn spells naturally, not from books.
Your magical power is your life essence.
You have superior vitality. (+4 MHP)


Message History

Edmund is moderately wounded. (Press Numpad 5 to maintain the ray.) Edmund is moderately wounded.
* * * LOW HITPOINT WARNING * * *
Edmund is moderately wounded.
* * * LOW HITPOINT WARNING * * *
Edmund hits you with a +4 flail of protection!
* * * LOW HITPOINT WARNING * * *
You aren't carrying any items that you can evoke.
Okay, then.
A red film seems to cover your vision as you go berserk!
You feel yourself moving faster!
You feel mighty!
Edmund is no longer blind.
Reach: o) +0 trident
Press: ? - help, Dir - move target, f/p - Edmund
Aim: Edmund, wielding a +4 flail of protection and wearing a +0 ring mail (moderately wounded, about 40% to evade your +0 trident)
You hit Edmund.
Edmund is moderately wounded.
Edmund hits you with a +4 flail of protection!
* * * LOW HITPOINT WARNING * * *
Reach: o) +0 trident
Press: ? - help, Dir - move target, f/p - Edmund
Aim: Edmund, wielding a +4 flail of protection and wearing a +0 ring mail (moderately wounded, about 40% to evade your +0 trident)
You barely miss Edmund.
Edmund is moderately wounded.
You are too berserk!
You are too berserk!
Reach: o) +0 trident
Press: ? - help, Dir - move target, f/p - Edmund
Aim: Edmund, wielding a +4 flail of protection and wearing a +0 ring mail (moderately wounded, about 40% to evade your +0 trident)
You barely miss Edmund.
Edmund is moderately wounded.
Edmund hits you with a +4 flail of protection!
* * * LOW HITPOINT WARNING * * *
Reach: o) +0 trident
Press: ? - help, Dir - move target, f/p - Edmund
Aim: Edmund, wielding a +4 flail of protection and wearing a +0 ring mail (moderately wounded, about 40% to evade your +0 trident)
You hit Edmund but do no damage.
Edmund is moderately wounded.
Edmund hits you with a +4 flail of protection.
You die...

# ##..#.####...............
###...#.#####.##.#..##...$.
..............##..#.##....#
###...#.##.............$..#
##.##.##.....#...†......#
#.##.......#.....##..
#.###............###.. #.#
#.#.##.##.@........ #.#
#.#.##.##@######.#. #.#
#.#.......#....
#.####......####
#...>...........
########.####### #.#
#.#######. #.<.......
##########


You could see Edmund.

Vanquished Creatures
  A bullfrog (D:4)
  2 orc priests (D:3)
  2 iguanas
  An orc wizard (D:3)
  Robin (D:2)
  4 adders
  4 gnolls (D:5)
  2 ufetubi
  A worm (D:3)
  3 dart slugs
  6 orcs
  A bat (D:3)
  3 endoplasms
  3 giant cockroaches
  15 goblins
  7 hobgoblins
  2 kobolds
  3 quokkas
  8 ball pythons
  5 frilled lizards
  6 rats
  A spectral hobgoblin (D:2)
81 creatures vanquished.

Vanquished Creatures (others)
  5 fungi (D:2)
5 creatures vanquished.

Grand Total: 86 creatures vanquished

Notes
Turn   | Place    | Note
-------+----------+-------------------------------------------
     0 | D:1      | iguanaiguana the Djinni Conjurer began the quest for the
                  | Orb.
     0 | D:1      | iguanaiguana set off with the following spells memorised:
                  | Magic Dart, Searing Ray, Dazzling Flash, Fulminant Prism,
                  | Iskenderun's Mystic Blast.
     0 | D:1      | Reached XP level 1. HP: 15/15 MP: 0/0
    35 | D:2      | Noticed Robin
   105 | D:1      | Reached skill level 1 in Fighting
   154 | D:1      | Reached XP level 2. HP: 13/22 MP: 0/0
   518 | D:1      | Reached XP level 3. HP: 13/28 MP: 0/0
   518 | D:1      | Learned a level 1 spell: Necrotise
   793 | D:2      | Found Loghurch's General Store.
   803 | D:2      | Reached XP level 4. HP: 12/33 MP: 0/0
   850 | D:2      | Reached skill level 1 in Short Blades
  1081 | D:2      | Found a faded altar of an unknown god.
  1123 | D:2      | Killed Robin
  1261 | D:2      | Found a runed translucent door.
  1262 | D:2      | Noticed Crazy Yiuf
  1310 | D:3      | Reached XP level 5. HP: 26/38 MP: 0/0
  1310 | D:3      | Learned a level 2 spell: Wereblood
  1513 | D:3      | Reached XP level 6. HP: 9/46 MP: 0/0
  1950 | D:5      | Entered Level 5 of the Dungeon
  2729 | D:4      | Found a staircase to the Ecumenical Temple.
  2747 | Temple   | Entered the Ecumenical Temple
  2791 | Temple   | Became a worshipper of Makhleb the Destroyer
  2838 | D:4      | Identified the +2 leather armour of Melancholy {Harm Fly
                  | rPois Int-2}
  2943 | D:4      | Reached skill level 1 in Shields
  2943 | D:4      | Reached XP level 7. HP: 37/52 MP: 0/0
  2943 | D:4      | Learned a level 3 spell: Spider Form
  2946 | D:4      | Noticed Edmund
  2963 | D:4      | HP: 1/78 [Edmund/+4 flail of protection (12)]
  2964 | D:4      | Slain by Edmund

Illustrated notes

Levels and vault maps discovered:
D:1:      saegor_arrival_simple_c, layout_loops_ring
D:2:      layout_loops_ring, dreamdust_ecumenical_altar_drowned_temple,
          serial_shops, shop, nicolae_titane, uniq_robin,
          uniq_crazy_yiuf_cottage
D:3:      layout_loops_ring, minmay_distorted
D:4:      layout_loops_ring, minmay_temple_entry_mist,
          hangedman_abyss_or_decor_lesser_grid, uniq_edmund
D:5:      layout_loops_ring, gammafunk_ghost_mausoleum, uniq_sigmund, uniq_ijyb
D:6:      layout_cave_pods, serial_shops, shop, grunt_ministairs_4,
          kennysheep_generic_room_8, uniq_eustachio
Temple:   chequers_temple_sunken

Skill      XL: |  1  2  3  4  5  6 |
---------------+-------------------+-----
Fighting       | 1 2 3 4 |  4.0
Short Blades   | 2 |  2.0
Spellcasting   | 4 |  4.6
Shields        | 1 |  1.2
Polearms       | |  0.1
Dodging        | |  2.1
Stealth        | |  1.5

Action                   |  1- 3 |  4- 6 |  7- 9 || total
-------------------------+-------+-------+-------++-------
Melee: Dagger            |    68 |     3 |       ||    71
       Trident           |       |       |     4 ||     4
 Cast: Magic Dart        |    26 |    73 |     3 ||   102
       Searing Ray       |     3 |    16 |     2 ||    21
       Necrotise         |       |    20 |       ||    20
       Dazzling Flash    |       |     3 |     1 ||     4
  Use: Scroll            |     2 |     7 |       ||     9
       Potion            |       |       |     1 ||     1
Armor: Robe              |    11 |     5 |       ||    16
Dodge: Dodged            |    46 |    17 |     3 ||    66
Block: Buckler           |       |       |     2 ||     2
